 Dungeon Crawl Stone Soup version 0.25-a0-404-gc1b5a34 (webtiles) character file.

Game seed: 2697387362797585547, levelgen mode: deterministic

374604 Dietz the Kobold Arbalest (level 23, 0/155 HPs)
             Began as a Kobold Hunter on Jan 11, 2020.
             Was the Champion of Okawaru.
             Killed from afar by a war gargoyle (43 damage)
             ... with a spray of metal splinters
             ... on level 4 of the Vaults on Jan 13, 2020.
             The game lasted 03:38:29 (72544 turns).

Dietz the Kobold Arbalest (Kobold Hunter)          Turns: 72544, Time: 03:38:30

Health: 0/155      AC: 14    Str: 23    XL:     23   Next: 81%
Magic:  41/41      EV: 28    Int: 13    God:    Okawaru [******]
Gold:   1628       SH:  0    Dex: 17    Spells: 22/22 levels left

rFire    + + +     SeeInvis +   a - +9 arbalest (velocity)
rCold    + + .     Gourm    .   (shield currently unavailable)
rNeg     + . .     Faith    +   e - +0 ring mail "Nuwoable" {+Blink rF+++ rC+ Slay-3}
rPois    +         Spirit   .   R - -2 hat of the Alchemist {rElec rPois rF+ rC+ rN+ MR+ rMut rCorr}
rElec    +         Reflect  .   P - scarf {cloud immunity}
rCorr    +         Harm     .   T - +2 pair of gloves {archery}
rMut     +                      X - +2 pair of boots {run}
MR       ++++.                  y - amulet of faith
Stlth    ++++......             i - ring "Saluub" {MR++ MP+9 AC+3 Str+6}
HPRegen  0.35/turn              W - ring of see invisible
MPRegen  0.27/turn

@: quick
A: small, carnivore
}: 2/15 runes: serpentine, barnacled
a: Heroism, Finesse, Renounce Religion, Evoke Blink


You were on level 4 of the Vaults.
You worshipped Okawaru.
Okawaru was exalted by your worship.
You were very full.

You visited 8 branches of the dungeon, and saw 39 of its levels.
You also visited: Gauntlet and Ice Cave.

You collected 4675 gold pieces.
You spent 3047 gold pieces at shops.

Inventory:

Hand Weapons
 a - a +9 arbalest of velocity (weapon)
 b - a +9 rapier of draining
 d - a +1 triple crossbow of freezing
 m - the +7 short sword of Indignation {pierce, *Slow rC+++ Dex+3 SInv}
   (You took it off a deep elf death mage on level 3 of the Elven Halls)

   It inflicts extra damage upon your enemies.
   It affects your dexterity (+3).
   It renders you almost immune to cold.
   It lets you see invisible.
   It may slow you when you take damage.
 r - the +6 short sword of Vyxkeqe {vamp, +Blink rN++}
   (Okawaru gifted it to you on level 6 of the Lair of Beasts)

   It inflicts no extra harm, but heals its wielder when it wounds a living foe.
   It greatly protects you from negative energy.
   It lets you blink.
 x - the +5 arbalest "Daqen" {penet, rC+ MR+ Int+3}
   (Okawaru gifted it to you on level 2 of the Vaults)

   Ammo fired by it will pass through the targets it hits, potentially hitting
   all targets in its path until it reaches maximum range.
   It affects your intelligence (+3).
   It protects you from cold.
   It affects your resistance to hostile enchantments.
 M - a +4 triple crossbow of flaming
Missiles
 B - 1011 bolts (quivered)
Armour
 e - the +0 ring mail "Nuwoable" (worn) {+Blink rF+++ rC+ Slay-3}
   (Okawaru gifted it to you on level 12 of the Dungeon)

   It affects your accuracy and damage with ranged weapons and melee attacks
   (-3).
   It renders you almost immune to fire.
   It protects you from cold.
   It lets you blink.
 P - a scarf of cloud immunity (worn)
 R - the -2 hat of the Alchemist (worn) {rElec rPois rF+ rC+ rN+ MR+ rMut rCorr}
   (You bought it in a shop on level 4 of the Snake Pit)

   It protects you from fire.
   It protects you from cold.
   It insulates you from electricity.
   It protects you from poison.
   It protects you from negative energy.
   It affects your resistance to hostile enchantments.
   It provides partial protection from all sources of acid and corrosion.
   It protects you from mutation.
 T - a +2 pair of gloves of archery (worn)
 X - a +2 pair of boots of running (worn)
Jewellery
 i - the ring "Saluub" (left hand) {MR++ MP+9 AC+3 Str+6}
   (You found it in an ice cave)

   [ring of protection]

   It affects your AC (+3).
   It affects your strength (+6).
   It affects your resistance to hostile enchantments.
   It affects your magic capacity (+9).
 k - a +5 ring of dexterity
 o - an uncursed ring of positive energy
 y - an amulet of faith (around neck)
 N - an uncursed ring of resist corrosion
 W - a ring of see invisible (right hand)
Wands
 w - a wand of digging (37)
 C - a wand of acid (21)
 F - a wand of scattershot (4)
 L - a wand of iceblast (48)
 O - a wand of flame (11)
Scrolls
 h - 5 scrolls of fog
 n - 28 scrolls of teleportation
 t - 24 scrolls of remove curse
 u - 2 scrolls of torment
 v - 3 scrolls of magic mapping
 D - 4 scrolls of identify
 G - 3 scrolls of holy word
 J - a scroll of summoning
 K - 7 scrolls of immolation
 Q - a scroll of enchant armour
 U - 2 scrolls of blinking
 Y - 2 scrolls of fear
Potions
 c - 6 potions of haste
 g - 7 potions of mutation
 j - 7 potions of berserk rage
 l - 4 potions of ambrosia
 p - 9 potions of curing
 s - 6 potions of might
 z - 2 potions of agility
 E - a potion of cancellation
 H - 4 potions of resistance
 I - 6 potions of flight
 S - a potion of invisibility
 Z - 7 potions of lignification
Miscellaneous
 q - a phial of floods
 A - a lamp of fire
 V - a fan of gales
Comestibles
 f - 75 rations


   Skills:
 + Level 19.3 Fighting
 - Level 14.0 Short Blades
 O Level 27 Crossbows
 + Level 8.1 Armour
 + Level 18.6 Dodging
 - Level 10.0 Stealth
 - Level 12.0 Invocations
 - Level 5.0 Evocations


You had 22 spell levels left.
You didn't know any spells.
Your spell library contained the following spells:

 Spells                   Type           Power        Failure   Level  Hunger
 Animate Skeleton         Necr           N/A          41%         1    ##.....
 Apportation              Tloc           #.....       41%         1    ##.....
 Corona                   Hex            #......      41%         1    ##.....
 Magic Dart               Conj           #...         41%         1    ##.....
 Pain                     Necr           #...         41%         1    ##.....
 Summon Small Mammal      Summ           #...         41%         1    ##.....
 Blink                    Tloc           N/A          56%         2    ###....
 Call Imp                 Summ           #.......     56%         2    ###....
 Corpse Rot               Necr/Air       N/A          56%         2    ###....
 Ensorcelled Hibernation  Hex/Ice        #.....       56%         2    ###....
 Poisonous Vapours        Pois/Air       #.....       56%         2    ###....
 Searing Ray              Conj           #.....       56%         2    ###....
 Shroud of Golubria       Chrm/Tloc      #.....       56%         2    ###....
 Call Canine Familiar     Summ           #.......     80%         3    ####...
 Confusing Touch          Hex            #.......     80%         3    ####...
 Dazzling Flash           Conj/Hex       #.....       80%         3    ####...
 Gell's Gravitas          Tloc           #.........   80%         3    ####...
 Ignite Poison            Fire/Tmut/Pois #.......     80%         3    ####...
 Lesser Beckoning         Tloc           #.........   80%         3    ####...
 Recall                   Summ/Tloc      N/A          80%         3    ####...
 Static Discharge         Conj/Air       #.......     80%         3    ####...
 Stone Arrow              Conj/Erth      #.....       80%         3    ####...
 Summon Guardian Golem    Hex/Summ       #.......     80%         3    ####...
 Teleport Other           Tloc           #.......     80%         3    ####...
 Tukima's Dance           Hex            #.......     80%         3    ####...
 Vampiric Draining        Necr           #.........   80%         3    ####...
 Animate Dead             Necr           N/A          99%         4    #####..
 Cause Fear               Hex            #.........   99%         4    #####..
 Fulminant Prism          Conj/Hex       #.........   99%         4    #####..
 Iskenderun's Mystic Bla  Conj/Tloc      #.......     99%         4    #####..
 Leda's Liquefaction      Hex/Erth       #.........   99%         4    #####..
 Passage of Golubria      Tloc           N/A          99%         4    #####..
 Petrify                  Tmut/Erth      #.......     99%         4    #####..
 Summon Ice Beast         Ice/Summ       #.......     99%         4    #####..
 Summon Lightning Spire   Summ/Air       #.......     99%         4    #####..
 Agony                    Necr           #.......     100%        5    ######.
 Bolt of Magma            Conj/Fire/Erth #.........   100%        5    ######.
 Borgnjor's Vile Clutch   Necr/Erth      #.........   100%        5    ######.
 Lightning Bolt           Conj/Air       #.........   100%        5    ######.
 Metabolic Englaciation   Hex/Ice        #.........   100%        5    ######.
 Silence                  Hex/Air        #.........   100%        5    ######.
 Yara's Violent Unravell  Hex/Tmut       #.........   100%        5    ######.
 Death Channel            Necr           #.........   100%        6    #######
 Deflect Missiles         Chrm/Air       #.........   100%        6    #######
 Iron Shot                Conj/Erth      #.........   100%        6    #######
 Simulacrum               Ice/Necr       #.........   100%        6    #######
 Statue Form              Tmut/Erth      #........    100%        6    #######
 Discord                  Hex            #.........   100%        8    #######
 Ignition                 Fire           #.........   100%        8    #######
 Shatter                  Erth           #.........   100%        9    #######
 Tornado                  Air            #.........   100%        9    #######


Dungeon Overview and Level Annotations

Branches:
Dungeon (15/15)            Temple (0/1) D:7            Lair (6/6) D:8
 Shoals (4/4) Lair:3        Snake (4/4) Lair:2        Slime (0/5) Lair:6
    Orc (2/2) D:10            Elf (3/3) Orc:2        Vaults (4/5) D:13
  Crypt (0/3) Vaults:2     Depths (1/5) D:15          IceCv (visited)
Gauntlet (visited)

Altars:
Cheibriados
Fedhas
Gozag
Makhleb
Nemelex Xobeh
Okawaru
Ru
Sif Muna
Trog
Vehumet
Wu Jian
Xom
Zin
The Shining One

Shops:
D:4 ?   D:7 *   D:13 *   Orc:2 *[(!:   Elf:1 =   Snake:3 =}=   Snake:4 (=[=
Vaults:1 !   Vaults:2 %   Vaults:4 *   Depths:1 :(:?[

Portals:
Hell: Depths:1
Pandemonium: Depths:1

Annotations:
D:14 2 transporters, Joattus's ghost, journeyman OgVM
Vaults:3 3 runed translucent doors, Esodal's ghost, adept GnSk
Vaults:4 3 runed translucent doors, MoronicCinamun's ghost, adept CeHu
Depths:1 1 runed translucent door, loblaw's ghost, adept GrMo


Innate Abilities, Weirdness & Mutations

You are small and have problems with some larger weapons.
You are carnivorous and can eat meat at any time.


Message History

The war gargoyle is severely damaged.
The war gargoyle misses you.
You hit the war gargoyle but do no damage.
The war gargoyle is severely damaged.
The war gargoyle hits you with a +0 dire flail!
You hit the war gargoyle but do no damage.
The war gargoyle is severely damaged.
You hit the war gargoyle.
The war gargoyle is severely damaged.
The war gargoyle hits you with a +0 dire flail!
You hit the war gargoyle.
The war gargoyle is severely damaged.
You puncture the war gargoyle!
The war gargoyle is almost destroyed.
The war gargoyle hits you with a +0 dire flail!
* * * LOW HITPOINT WARNING * * *
a - a +9 arbalest of velocity (weapon)
The war gargoyle launches metal splinters at you.
The spray of metal splinters hits you!!!
You die...

#.........).#######+##'##
#......(....'.......)....
#..#'#'#'#..#............
+..#.#)#.#..#..#########.
#..#######..#..#..CCW..#.
#..'.# +..#..#..?C}..#.
#..#######..#..#..#W#..#.
#..')#)#9#..#..#e#...#.#.
#..###'#@#..#..#..#e#..#.
#...........#..#..e....#.
#...........#..#.......#.
############# +++###.
....... ....... ######


You could see a war gargoyle.

Vanquished Creatures
  Mara (Elf:3)
  Sojobo (Vaults:1)
  Rupert (D:13)
  A lich (Vaults:3)
  2 deep elf blademasters (Elf:3)
  Asterion (Snake:1)
  2 deep elf master archers (Elf:3)
  A sphinx (Vaults:3)
  A shadow dragon (Vaults:3)
  An ancient champion (Vaults:1)
  6 nagarajas (Snake:4)
  2 tengu reavers
  Donald (Shoals:2)
  Ilsuiw (Shoals:4)
  2 fire giants (Depths:1)
  10 vault wardens
  3 deep elf sorcerers
  A frost giant (Vaults:4)
  3 orc warlords
  2 deep elf elementalists (Elf:3)
  9 ironheart preservers
  2 stone giants
  A war gargoyle (Vaults:4)
  8 deep elf demonologists
  7 deep elf annihilators
  3 spark wasps (Depths:1)
  A minotaur (Gauntlet)
  5 ettins
  A blizzard demon (Depths:1)
  Snorg (D:11)
  6 merfolk impalers
  3 fire dragons
  7 deep elf death magi (Elf:3)
  4 merfolk javelineers (Shoals:4)
  8 yaktaur captains
  A crystal guardian (Vaults:3)
  2 deep elf high priests
  3 great orbs of eyes
  15 hydras
  2 vault guards (Vaults:2)
  12 naga warriors
  5 rakshasas
  A monstrous demonspawn (Depths:1)
  5 ice dragons
  A two-headed ogre (shapeshifter) (Vaults:1)
  3 merfolk aquamancers
  3 merfolk avatars
  8 anacondas
  15 centaur warriors
  The ghost of nel the Carver, a journeyman HuWr of Makhleb (Lair:1)
  22 dancing weapons
  4 death knights
  25 two-headed ogres
  4 satyrs
  2 deep troll shamans
  10 ogre magi
  4 orc high priests
  6 death yaks (Lair:5)
  2 tengu warriors (Depths:1)
  2 vampire magi
  6 shock serpents
  21 deep elf knights
  10 naga sharpshooters
  Sonja (D:13)
  A large abomination (Elf:1)
  A fire crab (Shoals:3)
  5 unseen horrors
  2 shadow wraiths (Vaults:4)
  A spriggan druid (Depths:1)
  4 skeletal warriors (D:12)
  19 sea snakes
  An unseen horror (shapeshifter) (Vaults:4)
  A gelid demonspawn (Depths:1)
  4 deep trolls
  A sea snake (shapeshifter) (Elf:1)
  6 naga ritualists
  2 flayed ghosts
  A swamp dragon (Lair:6)
  A glowing orange brain (Vaults:3)
  9 ironbrand convokers
  4 wizards
  A harpy (shapeshifter) (D:12)
  2 phantasmal warriors
  8 deep elf archers
  A lindwurm (Lair:5)
  Pikel (D:4)
  17 harpies
  2 orb spiders (shapeshifter) (Vaults:3)
  12 mana vipers
  17 ugly things
  49 deep elf magi
  2 wolf spiders
  18 orc knights
  15 fauns
  10 orc sorcerers
  6 salamanders
  10 cyclopes
  2 centaur zombies
  7 merfolk sirens
  A rust devil (Depths:1)
  15 manticores
  35 black mambas
  13 naga magi
  11 elephants
  7 guardian serpents
  5 vault sentinels
  8 water nymphs
  7 spiny frogs
  A torpor snail (Lair:6)
  2 ice statues (IceCv)
  A smoke demon (Depths:1)
  A gargoyle (D:15)
  Maggie (D:11)
  6 rime drakes
  6 freezing wraiths
  2 kobold demonologists
  A yaktaur (shapeshifter) (D:15)
  36 yaktaurs
  5 komodo dragons
  An ice devil (Depths:1)
  12 polar bears
  4 wind drakes
  34 merfolk
  2 raiju (Lair:6)
  10 trolls
  A harpy skeleton (D:13)
  4 hornets
  12 blink frogs
  24 slime creatures
  5 snapping turtles
  13 dream sheep
  12 hippogriffs
  A meliai zombie (D:10)
  4 wraiths
  An air elemental (Elf:1)
  7 water elementals
  5 shadows
  49 yaks
  2 vampires
  2 hungry ghosts
  3 basilisks
  A spriggan (D:7)
  2 fire bats (Shoals:3)
  Eustachio (D:5)
  A wyvern (D:8)
  2 yaks (shapeshifter)
  2 fire elementals (Elf:1)
  3 steam dragons
  12 wargs
  2 swamp worms (Gauntlet)
  53 nagas
  5 acid dragons
  9 water moccasins
  13 hell hounds (Lair:6)
  14 porcupines
  3 swamp drakes (Lair:6)
  7 sky beasts
  10 ice beasts
  A slave (D:4)
  59 orc warriors
  17 black bears
  10 boggarts
  2 necrophages
  16 wolves
  29 centaurs
  An eye of draining (D:14)
  2 phantoms
  36 ogres
  A big kobold (shapeshifter) (D:15)
  15 crocodiles
  5 big kobolds
  A gnoll sergeant (D:8)
  18 bullfrogs
  4 earth elementals
  A hornet simulacrum (Vaults:1)
  2 wyvern skeletons
  4 scorpions
  An elf simulacrum (Vaults:3)
  A human simulacrum (Vaults:1)
  5 killer bees (D:12)
  7 wights
  2 electric eels
  5 howler monkeys
  4 crimson imps
  A quasit (Depths:1)
  A bullfrog skeleton (D:6)
  11 hounds
  A gnoll shaman (D:8)
  3 jellies
  27 orc priests
  27 orc wizards
  2 centaur skeletons
  7 iguanas
  Ijyb (D:4)
  11 worker ants
  A killer bee zombie (D:10)
  4 small abominations
  2 hound zombies
  2 hound skeletons
  Robin (D:4)
  A worker ant zombie (D:9)
  23 gnolls
  10 adders
  8 shadow imps
  14 white imps
  4 ufetubi (Depths:1)
  2 oozes
  An adder zombie (D:6)
  2 adder skeletons (D:9)
  2 worms (D:2)
  4 dart slugs
  5 leopard geckos
  123 orcs
  5 ball pythons
  4 giant cockroaches
  14 goblins
  17 hobgoblins
  11 jackals
  9 quokkas
  8 bats
  6 frilled lizards
  27 kobolds
  2 quokka skeletons
  A quokka zombie (D:6)
  10 rats
  A bush (D:6)
  A crawling corpse (Elf:1)
  2 fungi
  9 plants
1737 creatures vanquished.

Vanquished Creatures (others)
  An ironheart preserver (Vaults:3)
  A vampire mage (Depths:1)
  An orc warrior (Orc:1)
  A wolf (Lair:6)
  An orc wizard (Orc:1)
  An orc (Orc:1)
  74 fungi
  102 plants
182 creatures vanquished.

Grand Total: 1919 creatures vanquished

Notes
Turn   | Place    | Note
-------+----------+-------------------------------------------
     0 | D:1      | Dietz the Kobold Hunter began the quest for the Orb.
     0 | D:1      | Reached XP level 1. HP: 12/12 MP: 1/1
    21 | D:1      | Reached skill level 5 in Crossbows
    32 | D:1      | Reached XP level 2. HP: 7/17 MP: 2/2
   592 | D:1      | Reached XP level 3. HP: 21/21 MP: 3/3
   598 | D:1      | Reached skill level 1 in Short Blades
  1037 | D:2      | Reached XP level 4. HP: 20/26 MP: 4/4
  1212 | D:2      | Reached XP level 5. HP: 7/30 MP: 5/5
  1464 | D:2      | Found an opulent altar of Gozag.
  1592 | D:2      | Reached skill level 5 in Short Blades
  1958 | D:2      | Found a shimmering altar of Xom.
  2786 | D:3      | Reached XP level 6. HP: 26/35 MP: 6/6
  3667 | D:3      | Found a snail-covered altar of Cheibriados.
  3746 | D:3      | Found a radiant altar of Vehumet.
  3750 | D:3      | Found a glowing golden altar of the Shining One.
  4270 | D:3      | Found an iron altar of Okawaru.
  4270 | D:3      | Found a sacrificial altar of Ru.
  4388 | D:3      | Became a worshipper of Warmaster Okawaru
  4587 | D:4      | Noticed Ijyb
  4597 | D:4      | Killed Ijyb
  4597 | D:4      | Reached XP level 7. HP: 38/40 MP: 7/7
  4654 | D:4      | Reached skill level 6 in Crossbows
  5058 | D:4      | Noticed Robin
  5087 | D:4      | Killed Robin
  5500 | D:4      | Found a blossoming altar of Fedhas.
  5726 | D:4      | Found Haitahilib's Magic Scroll Boutique.
  5731 | D:4      | Bought a scroll of fog for 24 gold pieces
  5731 | D:4      | Bought a scroll of remove curse for 36 gold pieces
  5731 | D:4      | Bought a scroll of teleportation for 36 gold pieces
  5787 | D:4      | Noticed Pikel
  5805 | D:4      | Killed Pikel
  5805 | D:4      | Reached * piety under Okawaru
  5805 | D:4      | Reached ** piety under Okawaru
  5805 | D:4      | Reached skill level 10 in Short Blades
  5805 | D:4      | Reached skill level 8 in Crossbows
  5805 | D:4      | Reached XP level 8. HP: 44/44 MP: 8/8
  5973 | D:5      | Entered Level 5 of the Dungeon
  6108 | D:5      | Noticed Eustachio
  6128 | D:5      | Reached skill level 1 in Invocations
  6304 | D:5      | Killed Eustachio
  6407 | D:5      | Reached XP level 9. HP: 48/48 MP: 10/10
  6415 | D:5      | Found a sparkling altar of Nemelex Xobeh.
  6600 | D:5      | Reached skill level 9 in Crossbows
  7349 | D:6      | Found a burning altar of Makhleb.
  7570 | D:6      | Reached *** piety under Okawaru
  8342 | D:7      | Reached skill level 10 in Crossbows
  8401 | D:7      | Reached skill level 5 in Invocations
  8557 | D:7      | Received a gift from Okawaru
  8557 | D:7      | Reached XP level 10. HP: 53/53 MP: 13/13
  8711 | D:7      | Found a staircase to the Ecumenical Temple.
  9009 | D:7      | Found Zin's Purification Station.
  9012 | D:7      | Found a glowing silver altar of Zin.
  9260 | D:8      | Reached skill level 5 in Dodging
  9420 | D:8      | Received a gift from Okawaru
  9676 | D:8      | Reached **** piety under Okawaru
  9757 | D:8      | Received a gift from Okawaru
  9944 | D:8      | Found a staircase to the Lair.
 10022 | D:8      | Reached skill level 5 in Fighting
 10127 | D:8      | Reached ***** piety under Okawaru
 10382 | D:8      | Received a gift from Okawaru
 10987 | D:8      | Reached XP level 11. HP: 64/64 MP: 15/15
 11766 | Lair:1   | Entered Level 1 of the Lair of Beasts
 11866 | Lair:1   | Found a runed translucent gate.
 11866 | Lair:1   | Found a runed translucent gate.
 11866 | Lair:1   | Found a runed translucent gate.
 11867 | Lair:1   | Noticed an 11-headed hydra
 11868 | Lair:1   | Noticed nel's ghost (journeyman HuWr)
 11912 | Lair:1   | Noticed an eight-headed hydra
 11925 | Lair:1   | Killed an eight-headed hydra
 12884 | Lair:1   | Reached skill level 10 in Dodging
 12891 | Lair:2   | Noticed an eight-headed hydra
 13116 | Lair:2   | Killed an eight-headed hydra
 13269 | Lair:2   | Received a gift from Okawaru
 13275 | Lair:2   | Reached ****** piety under Okawaru
 14352 | Lair:2   | Noticed an eight-headed hydra
 14362 | Lair:2   | Killed an eight-headed hydra
 14362 | Lair:2   | Reached XP level 12. HP: 73/73 MP: 11/18
 15054 | Lair:2   | Found a staircase to the Snake Pit.
 15787 | Lair:3   | Received a gift from Okawaru
 15800 | Lair:3   | Received a gift from Okawaru
 15804 | Lair:3   | Got a shimmering short sword {god gift}
 16039 | Lair:2   | Identified the +1 short sword of Seecibbe {pierce, Stlth+}
                  | (Okawaru gifted it to you on level 3 of the Lair of Beasts)
 16873 | Lair:3   | Found a staircase to the Shoals.
 16907 | Lair:3   | Received a gift from Okawaru
 17366 | Lair:4   | Noticed a five-headed hydra
 17398 | Lair:3   | Killed a five-headed hydra
 17873 | Lair:4   | Received a gift from Okawaru
 17882 | Lair:4   | Identified a +1 pair of boots of running (Okawaru gifted it
                  | to you on level 4 of the Lair of Beasts)
 17907 | Lair:4   | Reached XP level 13. HP: 73/81 MP: 18/20
 18040 | Lair:4   | Noticed a four-headed hydra
 18072 | Lair:4   | Killed a four-headed hydra
 18113 | Lair:4   | Noticed a five-headed hydra
 18476 | Lair:4   | Reached skill level 10 in Fighting
 18489 | Lair:4   | Reached skill level 10 in Invocations
 18773 | Lair:4   | Killed a five-headed hydra
 18792 | Lair:4   | Reached skill level 11 in Crossbows
 19161 | Lair:5   | Noticed a six-headed hydra
 19517 | Lair:5   | Killed a six-headed hydra
 20139 | Lair:5   | Received a gift from Okawaru
 20306 | Lair:5   | Noticed a four-headed hydra
 20315 | Lair:5   | Killed a four-headed hydra
 20315 | Lair:5   | Received a gift from Okawaru
 20475 | Lair:6   | Entered Level 6 of the Lair of Beasts
 20600 | Lair:5   | Reached skill level 12 in Crossbows
 20628 | Lair:5   | Received a gift from Okawaru
 21111 | Lair:5   | Reached XP level 14. HP: 61/88 MP: 21/21
 21926 | Lair:6   | Found a staircase to the Slime Pits.
 21955 | Lair:6   | Reached skill level 13 in Crossbows
 22785 | Lair:6   | Received a gift from Okawaru
 22785 | Lair:6   | Reached skill level 15 in Dodging
 23768 | Lair:6   | Reached skill level 14 in Crossbows
 25447 | D:9      | Received a gift from Okawaru
 25836 | D:9      | Received a gift from Okawaru
 25890 | D:9      | Found an ornate altar of the Wu Jian Council.
 26222 | D:10     | Entered Level 10 of the Dungeon
 26256 | D:10     | Reached skill level 15 in Crossbows
 26858 | D:10     | Found a staircase to the Orcish Mines.
 26996 | Orc:1    | Entered Level 1 of the Orcish Mines
 27084 | D:10     | Received a gift from Okawaru
 27895 | Orc:2    | Entered Level 2 of the Orcish Mines
 28053 | Orc:1    | Received a gift from Okawaru
 29076 | D:11     | Reached skill level 16 in Crossbows
 29081 | D:11     | Reached XP level 15. HP: 79/92 MP: 22/22
 29102 | D:11     | Noticed Snorg
 29131 | D:11     | Killed Snorg
 29149 | D:11     | Found a gate leading to a gauntlet.
 29158 | Gauntlet | Entered a Gauntlet
 29158 | Gauntlet | Found a transporter.
 29158 | Gauntlet | Found a transporter.
 29167 | Gauntlet | Found a transporter.
 29167 | Gauntlet | Found a transporter.
 29171 | Gauntlet | Found a transporter.
 29171 | Gauntlet | Found a transporter.
 29200 | Gauntlet | Found a transporter.
 29201 | Gauntlet | Found a transporter.
 29214 | Gauntlet | Found a transporter.
 29225 | Gauntlet | Found a transporter.
 29239 | Gauntlet | Found a transporter.
 29243 | Gauntlet | Found a transporter.
 29463 | Gauntlet | Identified Etiqe's Volume of the Earthen Arsonist
 29463 | Gauntlet | Identified the Reference Book on Viperous Dark Rites
 29476 | Gauntlet | Got a translucent brass ring
 29490 | Gauntlet | Identified the ring "Vuev" {Int+5 Dex+4} (You found it in a
                  | Gauntlet)
 29494 | Gauntlet | Got a smoking robe
 29505 | Gauntlet | Identified the cursed +1 robe "Unigutz Dybb" {rC+ Dex+4
                  | SInv} (You found it in a Gauntlet)
 29564 | D:11     | Found a frozen archway.
 29680 | IceCv    | Entered an ice cave
 29869 | IceCv    | Found a transporter.
 29895 | IceCv    | Received a gift from Okawaru
 29913 | IceCv    | Found a transporter.
 29944 | IceCv    | Got a brightly glowing golden ring
 29946 | IceCv    | Identified the ring "Saluub" {MR++ MP+9 AC+3 Str+6} (You
                  | found it in an ice cave)
 30261 | D:11     | Reached skill level 17 in Crossbows
 30298 | D:11     | Noticed Maggie
 30307 | D:11     | Killed Maggie
 30307 | D:11     | Received a gift from Okawaru
 30407 | D:11     | You fall into a shaft and drop 1 floor!
 31018 | D:12     | Received a gift from Okawaru
 31028 | D:12     | Got a slimy ring mail {god gift}
 31039 | D:12     | Identified the +0 ring mail "Nuwoable" {+Blink rF+++ rC+
                  | Slay-3} (Okawaru gifted it to you on level 12 of the
                  | Dungeon)
 31243 | D:12     | Reached skill level 1 in Armour
 31397 | D:12     | Reached skill level 18 in Crossbows
 32549 | Lair:1   | Killed nel's ghost
 33163 | Lair:6   | Received a gift from Okawaru
 33279 | Lair:6   | Received a gift from Okawaru
 33283 | Lair:6   | Reached XP level 16. HP: 77/97 MP: 23/23
 33767 | Lair:6   | Got an iridescent short sword {god gift}
 33768 | Lair:6   | Identified the +6 short sword of Vyxkeqe {vamp, +Blink
                  | rN++} (Okawaru gifted it to you on level 6 of the Lair of
                  | Beasts)
 34367 | Orc:1    | Reached skill level 1 in Evocations
 34401 | Orc:2    | Found Perympubof's General Store.
 34702 | Orc:2    | Reached skill level 5 in Armour
 35021 | Orc:2    | Reached skill level 19 in Crossbows
 35188 | Orc:2    | Found Udeoqog's Antique Armour Emporium.
 35260 | Orc:2    | Found a staircase to the Elven Halls.
 35565 | Orc:2    | Found Ugiryzir's Antique Weapon Emporium.
 35673 | Orc:2    | Found Onkyt's Book Shop.
 35732 | Orc:2    | Reached skill level 5 in Evocations
 35848 | Orc:2    | Found Zuojue Olorph's Distillery.
 35856 | Orc:2    | Bought a potion of berserk rage for 70 gold pieces
 36152 | Orc:2    | Found a bloodstained altar of Trog.
 36343 | Orc:2    | Received a gift from Okawaru
 37008 | Orc:2    | Bought a shimmering cloak for 228 gold pieces
 37008 | Orc:2    | Bought a pair of embroidered gloves for 180 gold pieces
 37031 | Orc:2    | Identified the cursed +0 cloak of Cototuod {rElec} (You
                  | bought it in a shop on level 2 of the Orcish Mines)
 37060 | Orc:2    | Bought a translucent dagger for 161 gold pieces
 37060 | Orc:2    | Identified the +1 dagger "Bucw" {chaos, MR+} (You bought it
                  | in a shop on level 2 of the Orcish Mines)
 37101 | Orc:2    | Bought a potion of berserk rage for 70 gold pieces
 37101 | Orc:2    | Bought 2 potions of resistance for 280 gold pieces
 37308 | D:13     | Noticed Sonja
 37397 | D:13     | Noticed Rupert
 37622 | Snake:1  | Entered Level 1 of the Snake Pit
 37739 | Snake:1  | Reached skill level 20 in Crossbows
 37888 | Snake:1  | Received a gift from Okawaru
 37946 | Snake:1  | Noticed Asterion
 37956 | Snake:1  | Killed Asterion
 38018 | Snake:1  | Received a gift from Okawaru
 38297 | Snake:2  | Received a gift from Okawaru
 39022 | Snake:2  | Reached XP level 17. HP: 102/102 MP: 24/24
 39201 | Snake:3  | Reached skill level 21 in Crossbows
 39309 | Snake:3  | Received a gift from Okawaru
 40206 | Snake:3  | Found Rodeffil's Jewellery Shoppe.
 40206 | Snake:3  | Found Osunisant's Gadget Boutique.
 40207 | Snake:3  | Found Kiganeoc's Jewellery Shoppe.
 40742 | Snake:4  | Entered Level 4 of the Snake Pit
 41011 | Snake:4  | Found Uquy's Jewellery Boutique.
 41033 | Snake:4  | Found Bodd's Jewellery Shop.
 41033 | Snake:4  | Found Kogon's Antique Weapon Boutique.
 41040 | Snake:4  | Received a gift from Okawaru
 41040 | Snake:4  | Reached skill level 22 in Crossbows
 41041 | Snake:4  | Found Latomn's Armour Shop.
 41089 | Snake:4  | Bought the -2 hat of the Alchemist {rElec rPois rF+ rC+ rN+
                  | MR+ rMut rCorr} for 896 gold pieces
 41089 | Snake:4  | Found the -2 hat of the Alchemist {rElec rPois rF+ rC+ rN+
                  | MR+ rMut rCorr}
 42725 | Snake:4  | Reached skill level 23 in Crossbows
 42729 | Snake:4  | Received a gift from Okawaru
 43157 | Snake:4  | Received a gift from Okawaru
 43377 | Snake:4  | Reached XP level 18. HP: 107/107 MP: 25/25
 43400 | Snake:4  | Identified the -1 hat "Lawnoepn" {Slay+6} (Okawaru gifted
                  | it to you on level 4 of the Snake Pit)
 44040 | Snake:4  | Reached skill level 24 in Crossbows
 44164 | Snake:4  | Got a serpentine rune of Zot
 44266 | Snake:4  | Received a gift from Okawaru
 44319 | Snake:4  | Identified the +0 ring mail of the Thistle {rElec} (You
                  | found it on level 4 of the Snake Pit)
 44567 | Shoals:1 | Entered Level 1 of the Shoals
 45837 | Shoals:2 | Noticed Donald
 45848 | Shoals:2 | Killed Donald
 46063 | Shoals:2 | Reached skill level 25 in Crossbows
 47261 | Shoals:3 | Received a gift from Okawaru
 47261 | Shoals:3 | Reached XP level 19. HP: 84/112 MP: 26/26
 47663 | Shoals:4 | Entered Level 4 of the Shoals
 47832 | Shoals:4 | Received a gift from Okawaru
 48006 | Shoals:4 | Received a gift from Okawaru
 48296 | Shoals:4 | Reached skill level 26 in Crossbows
 48370 | Shoals:4 | Identified the +1 pair of boots of Anarchy {+Inv Str+2
                  | Int+4} (Okawaru gifted it to you on level 4 of the Shoals)
 49028 | Shoals:4 | Got a barnacled rune of Zot
 49110 | Shoals:4 | Identified the +6 mace "Jasaes" {drain, +Inv MR++}
 49180 | Shoals:4 | Noticed Ilsuiw
 49601 | Shoals:4 | Killed Ilsuiw
 50389 | D:13     | Received a gift from Okawaru
 50408 | D:13     | Killed Rupert
 50585 | D:13     | Found Tonlaof's Assorted Antiques.
 50668 | D:13     | Found a snail-covered altar of Cheibriados.
 50883 | D:13     | Killed Sonja
 50892 | D:13     | Found a gate to the Vaults.
 51148 | D:14     | Found a transporter.
 51150 | D:14     | Noticed Joattus's ghost (journeyman OgVM)
 51174 | D:14     | Found a transporter.
 51246 | D:14     | Reached skill level 27 in Crossbows
 51812 | D:15     | Entered Level 15 of the Dungeon
 52333 | D:15     | Found a shimmering blue altar of Sif Muna.
 52439 | D:15     | Reached XP level 20. HP: 119/119 MP: 28/28
 52608 | D:15     | Found a staircase to the Depths.
 52723 | Depths:1 | Entered Level 1 of the Depths
 52962 | Depths:1 | Received a gift from Okawaru
 53117 | Depths:1 | Found a one-way gate leading to the halls of Pandemonium.
 54254 | Depths:1 | Found Seguly Laqe's Armour Emporium.
 54760 | Vaults:1 | Entered Level 1 of the Vaults
 54847 | Vaults:1 | Found Vineqist's Distillery.
 54855 | Vaults:1 | Bought a potion of haste for 170 gold pieces
 54855 | Vaults:1 | Bought a potion of berserk rage for 85 gold pieces
 54855 | Vaults:1 | Bought a potion of curing for 51 gold pieces
 54855 | Vaults:1 | Bought a potion of curing for 51 gold pieces
 54874 | Vaults:1 | Noticed Sojobo
 55326 | Depths:1 | Identified the +0 hat "Fuowketu" {*Slow rElec MR+++ Int+4}
                  | (Okawaru gifted it to you on level 1 of the Depths)
 55639 | Depths:1 | Found Yteupu Owuo's Book Shoppe.
 55659 | Depths:1 | Found a runed translucent door.
 56135 | Depths:1 | Noticed loblaw's ghost (adept GrMo)
 56261 | Depths:1 | Found Feiqytix's Magic Scroll Shop.
 56269 | Depths:1 | Bought a scroll of enchant weapon for 172 gold pieces
 56394 | Depths:1 | Found Matuihar's Book Emporium.
 56408 | Depths:1 | Found a gateway to Hell.
 56950 | Depths:1 | Found Kacani's Weapon Shop.
 57203 | Elf:1    | Entered Level 1 of the Elven Halls
 57368 | Elf:1    | Received a gift from Okawaru
 57616 | Elf:1    | Found Meriwn's Jewellery Shoppe.
 58158 | Elf:1    | Received a gift from Okawaru
 58623 | Elf:2    | Reached XP level 21. HP: 128/132 MP: 30/30
 59235 | Elf:2    | Reached skill level 15 in Fighting
 59461 | Elf:2    | Found a runed translucent gate.
 59461 | Elf:2    | Found a runed translucent gate.
 59462 | Elf:2    | Found a runed translucent gate.
 59848 | Elf:2    | Received a gift from Okawaru
 60768 | Elf:3    | Entered Level 3 of the Elven Halls
 60801 | Elf:3    | Noticed Mara
 60811 | Elf:3    | Noticed Dietz's illusion
 60820 | Elf:3    | Killed Mara
 60820 | Elf:3    | Received a gift from Okawaru
 60820 | Elf:3    | Reached skill level 5 in Stealth
 61128 | Elf:3    | Received a gift from Okawaru
 61787 | Elf:3    | Noticed a Brimstone Fiend
 61864 | Elf:3    | Identified the +7 short sword of Indignation {pierce, *Slow
                  | rC+++ Dex+3 SInv}
 61932 | Elf:3    | Noticed a Tzitzimitl
 62125 | Elf:3    | Identified the +5 mace of Causality {crush, Str+3 Int+3}
 62581 | Vaults:1 | Reached XP level 22. HP: 131/144 MP: 31/31
 62887 | Vaults:1 | Received a gift from Okawaru
 62929 | Vaults:1 | Reached skill level 10 in Stealth
 64320 | Vaults:1 | Killed Sojobo
 64320 | Vaults:1 | Received a gift from Okawaru
 64893 | Vaults:2 | Received a gift from Okawaru
 64916 | Vaults:2 | HP: 5/147 [something/shard of ice[an ironheart preserver]
                  | (24)]
 65394 | Vaults:2 | Identified the +5 arbalest "Daqen" {penet, rC+ MR+ Int+3}
                  | (Okawaru gifted it to you on level 2 of the Vaults)
 65662 | Vaults:2 | Found a staircase to the Crypt.
 66349 | Vaults:2 | Received a gift from Okawaru
 66473 | Vaults:2 | Found Hyclemn's Food Shop.
 66656 | Vaults:3 | Received a gift from Okawaru
 66672 | Vaults:3 | Reached XP level 23. HP: 153/153 MP: 32/32
 67004 | Vaults:3 | Received a gift from Okawaru
 68720 | Vaults:3 | Found a runed translucent gate.
 68720 | Vaults:3 | Found a runed translucent gate.
 68720 | Vaults:3 | Found a runed translucent gate.
 68721 | Vaults:3 | Noticed Esodal's ghost (adept GnSk)
 68952 | Vaults:3 | Identified a scroll of acquirement
 69474 | Vaults:3 | Identified the +1 pair of gloves of the Orb {rCorr} (You
                  | acquired it on level 3 of the Vaults)
 69474 | Vaults:3 | Identified the amulet of Bodily Harmony {rPois Regen+
                  | Dex+3} (You acquired it on level 3 of the Vaults)
 69644 | Vaults:3 | Received a gift from Okawaru
 69648 | Vaults:3 | Got a crude arbalest {god gift}
 69649 | Vaults:3 | Identified the +6 arbalest of Ried {elec, rPois Stlth+}
                  | (Okawaru gifted it to you on level 3 of the Vaults)
 70073 | D:4      | Bought a scroll of enchant weapon for 90 gold pieces
 70073 | D:4      | Bought a scroll of enchant weapon for 90 gold pieces
 70278 | Vaults:1 | Bought a potion of curing for 51 gold pieces
 70278 | Vaults:1 | Bought a potion of invisibility for 136 gold pieces
 70278 | Vaults:1 | Bought a potion of haste for 170 gold pieces
 71098 | Vaults:4 | Found Wangog's General Store.
 71402 | Vaults:4 | Noticed MoronicCinamun's ghost (adept CeHu)
 71404 | Vaults:4 | Found a runed translucent gate.
 71405 | Vaults:4 | Found a runed translucent gate.
 71405 | Vaults:4 | Found a runed translucent gate.
 72544 | Vaults:4 | Killed from afar by a war gargoyle

Levels and vault maps discovered:
D:1:      lordsloth_arrival_two_stooges, layout_rooms, minmay_cut_off
D:2:      layout_basic, tgw_xom, overflow_temple_1_default, first_ration
D:3:      layout_basic, overflow_temple_1_default, cheibriados_altar_1,
          overflow_temple_1_default, gammafunk_temple_overflow_pools
D:4:      layout_cave_pods, fedhas_altar_1, serial_shops,
          nicolae_shop_behind_doors, uniq_robin, uniq_pikel, uniq_ijyb
D:5:      layout_gridville, nemelex_dance_club_becter, uniq_eustachio
D:6:      layout_basic, makhleb_heckhound_becter, lexackson_kobold_supper
D:7:      layout_basic, kennysheep_little_box, zin_purify, temple_statues,
          the_bakery, minmay_hedge_maze
D:8:      kennysheep_housing_project, layout_gridville,
          due_lair_maze_entry_diamond
D:9:      layout_roguey, lemuel_round_altar, minivault_28
D:10:     layout_grid_maze, erik_orc_2
D:11:     layout_gridville, portal_ice_cave_entry_imps, gauntlet_entry_generic,
          uniq_maggie, uniq_snorg
D:12:     layout_basic, minivault_28
D:13:     layout_big_octagon, erik_vaults_1, serial_shops, nicolae_shop_trees,
          basic_altar, nrook_guardian_serpent_ordinary, uniq_sonja, uniq_rupert
D:14:     layout_cave_pools, kennysheep_cross_room, gammafunk_ghost_mausoleum,
          kennysheep_small_circle
D:15:     grunt_enter_depths_snipers, layout_long_grid, basic_altar,
          serial_bayou_shore_b
Lair:1:   layout_misc_corridors, gammafunk_ghost_hydra_chop,
          cheibrodos_lair_caveside_slide
Lair:2:   layout_loops_ring, minmay_snake_entry_guardpost_large,
          grunt_megastairs_2
Lair:3:   layout_chaotic_city, elwin_shoals_entry_rocks, lemuel_fruit_tree
Lair:4:   layout_hall_layers, minmay_stone_trees_medium, minivault_11
Lair:5:   layout_long_grid, lemuel_fruit_fields, grunt_megastairs_5,
          infiniplex_staircase_pool_2
Lair:6:   hangedman_lair_caniforms_friends, layout_misc_corridors,
          guppyfry_lair_end_dragon, slime_dummy, grunt_megastairs_3
Shoals:1: layout_shoals
Shoals:2: layout_shoals, uniq_donald
Shoals:3: layout_shoals, hangedman_shoal_volcano
Shoals:4: shoals_end_grunt_garden, layout_shoals, shoal_ilsuiw
Snake:1:  layout_rooms, grunt_ministairs_15, uniq_asterion
Snake:2:  layout_onion, st_stairs_5, nicolae_large_snake_swirl
Snake:3:  layout_concentric_octagons, minmay_shop_grove, serial_bayou_shore_b
Snake:4:  grunt_snake_rune_pools, layout_cave_town, minmay_shoptagon,
          serial_bayou_shore_b, serial_bayou_shore_a
Orc:1:    layout_diamond_mine
Orc:2:    grunt_orc_gardens, layout_diamond_mine, grunt_orc_garden,
          grunt_orc_garden, grunt_orc_garden, grunt_orc_garden, serial_shops,
          shop, trog_book
Elf:1:    layout_geoelf_octagon, serial_shops, nicolae_shop_waterfront,
          kennysheep_underground_church, st_stairs_8
Elf:2:    layout_geoelf_diagonals
Elf:3:    elf_hall, layout_loops_ring, minivault_20, uniq_mara
Vaults:1: nicolae_vaults_circle_grid_b, nicolae_vaults_rhombus_5,
          hangedman_vaults_maws, v_misc_19, sword_in_stone,
          vaults_room_grunt_arrival_ludios, vaults_dpeg_ring, vaults_room_pools,
          layout_vaults_chaotic_city, serial_shops, nicolae_shop_crystal
Vaults:2: kb_rosetta, vaults_room_fours, nicolae_vaults_hallways_thing,
          vaults_room_octagon, ontoclasm_vaults_ring_large,
          hangedman_vaults_snaps, vaults_dpeg_hooks,
          vaults_room_mumra_shop_pool, vaults_standard_mumra_x,
          minmay_crypt_entry_simple_box, vaults_standard_mumra_lines,
          hangedman_vaults_impose, nicolae_vaults_circle_grid_b,
          nicolae_vaults_three_branches, ontoclasm_vaults_chip,
          layout_vaults_ring
Vaults:3: gammafunk_vaults_ghost_necromancy, vaults_room_door_hall,
          st_octagons_1, v_misc_28, v_misc_28, vaults_dpeg_cross,
          hangedman_vaults_trim, vaults_room_pools, dpeg_vaults_monster_row,
          vaults_mumra_hex, nicolae_vaults_asterisk, grunt_vaults_hallway_short,
          layout_vaults_big_cross, uniq_margery
Vaults:4: gammafunk_vaults_ghost_split, v_misc_14, v_pattern_1,
          nicolae_vaults_mini_display_case, v_misc_25, v_misc_31,
          hangedman_vaults_hat, v_rooms_6, nicolae_vaults_twisting_passages,
          vaults_room_octagon, nicolae_vaults_little_squares_4,
          grunt_vaults_hallway_short, layout_vaults_omnibox, serial_shops, shop
Depths:1: layout_twisted_cross, ebering_ghost_inner_flame, serial_shops, shop,
          shop, shop_fountains, kennysheep_mini, nicolae_shop_trees,
          hangedman_decor_peaks_small, grunt_pan_entry_zigzag, hell_entry,
          kilobyte_rumbling_trees, serial_bayou_shore_b, serial_bayou_shore_b,
          serial_bayou_shore_b

Skill      XL: |  1  2  3  4  5  6  7  8  9 10 11 12 13 14 15 16 17 18 19 20 21 22 23 |
---------------+----------------------------------------------------------------------+-----
Crossbows      | 5 8 10 12 16 18 20 23 25 27 | 27.0
Short Blades   | 2 4 6 7 10 12 13 14 | 14.0
Invocations    | 2 5 8 9 10 12 | 12.0
Dodging        | 8 10 11 14 15 17 18 | 18.6
Fighting       | 5 8 9 10 14 16 18 19 | 19.3
Armour         | 4 5 6 8 |  8.1
Evocations     | 5 |  5.0
Stealth        | 9 10 | 10.0

Action                   |  1- 3 |  4- 6 |  7- 9 | 10-12 | 13-15 | 16-18 | 19-21 | 22-24 || total
-------------------------+-------+-------+-------+-------+-------+-------+-------+-------++-------
Melee: Short sword       |    72 |   151 |    33 |   457 |  1658 |   515 |    61 |       ||  2947
       Dagger            |       |    89 |   316 |   108 |       |       |       |       ||   513
       Rapier            |       |       |       |    89 |   112 |       |    79 |   261 ||   541
       Punch             |       |       |       |       |    10 |       |       |       ||    10
 Fire: Hand crossbow     |    32 |    37 |    21 |   372 |   475 |       |       |       ||   937
       Arbalest          |       |       |       |       |   376 |  1124 |  1161 |   670 ||  3331
       Triple crossbow   |       |       |       |       |       |    34 |       |       ||    34
Invok: Finesse           |       |       |       |     2 |     6 |     2 |     3 |     1 ||    14
       Heroism           |       |       |       |     2 |    13 |     1 |     4 |     2 ||    22
 Abil: Evoke Flight      |       |       |       |       |     1 |       |       |       ||     1
       Evoke Blink       |       |       |       |       |       |     2 |       |       ||     2
Evoke: Wand              |       |       |       |     4 |     2 |     1 |     3 |       ||    10
       Phial of floods   |       |       |       |       |       |       |       |     1 ||     1
  Use: Scroll            |       |     3 |     2 |     7 |    24 |    13 |    27 |     9 ||    85
       Potion            |       |     2 |       |     1 |     1 |     5 |     8 |     6 ||    23
 Stab: Sleeping          |     2 |     5 |     3 |     1 |     8 |       |       |     1 ||    20
       Distracted        |       |       |       |       |     2 |       |       |       ||     2
  Eat: Chunk             |     8 |    12 |     4 |    36 |    47 |    31 |    39 |    28 ||   205
       Ration            |       |       |       |     1 |     2 |     1 |     4 |     3 ||    11
Armor: Leather armour    |    32 |    43 |    48 |    30 |       |       |       |       ||   153
       Ring mail         |       |       |       |    35 |   141 |   175 |   118 |    60 ||   529
       Steam dragon scal |       |       |       |       |    62 |       |       |       ||    62
       Robe              |       |       |       |       |    23 |       |       |       ||    23
Dodge: Dodged            |    98 |   154 |   171 |   567 |  1845 |  1076 |   556 |   582 ||  5049

Table legend:
 A = Non-vault XP
 B = Vault XP
 C = Vault XP percentage of total XP
 D = Non-vault monster count
 E = Vault monster count
 F = Vault count percentage of total count
                 A         B        C        D         E       F
            +---------+---------+-------+---------+---------+-------
      Total |  369254 |  309758 |  45.6 |    1149 |     578 |  33.5
            +---------+---------+-------+---------+---------+-------
        D:1 |      43 |       7 |  14.0 |      26 |       3 |  10.3
        D:2 |     145 |      41 |  22.0 |      31 |       3 |   8.8
        D:3 |     417 |       0 |   0.0 |      36 |       0 |   0.0
        D:4 |     252 |     660 |  72.4 |      18 |      13 |  41.9
        D:5 |     456 |     317 |  41.0 |      21 |       3 |  12.5
        D:6 |     940 |     153 |  14.0 |      24 |       9 |  27.3
        D:7 |     671 |     201 |  23.1 |      11 |       1 |   8.3
        D:8 |    1812 |    3626 |  66.7 |      31 |      42 |  57.5
        D:9 |    2131 |    1592 |  42.8 |      43 |      11 |  20.4
       D:10 |    2521 |     824 |  24.6 |      21 |      21 |  50.0
       D:11 |    4252 |    1621 |  27.6 |      26 |      14 |  35.0
       D:12 |   12765 |    8342 |  39.5 |      56 |      14 |  20.0
       D:13 |    5393 |    4218 |  43.9 |      27 |       3 |  10.0
       D:14 |    9880 |      90 |   0.9 |      39 |       1 |   2.5
       D:15 |    9127 |    2538 |  21.8 |      25 |       3 |  10.7
     Lair:1 |    2796 |    2010 |  41.8 |      13 |       3 |  18.8
     Lair:2 |    3851 |    1806 |  31.9 |      16 |       6 |  27.3
     Lair:3 |    8377 |       0 |   0.0 |      33 |       0 |   0.0
     Lair:4 |    9558 |       0 |   0.0 |      29 |       0 |   0.0
     Lair:5 |    8541 |    5609 |  39.6 |      25 |       7 |  21.9
     Lair:6 |    5831 |   14384 |  71.2 |      19 |      74 |  79.6
   Shoals:1 |   12806 |       0 |   0.0 |      30 |       0 |   0.0
   Shoals:2 |    9617 |    1874 |  16.3 |      21 |       1 |   4.5
   Shoals:3 |    6427 |    4214 |  39.6 |      15 |       9 |  37.5
   Shoals:4 |   10683 |   27299 |  71.9 |      24 |      42 |  63.6
    Snake:1 |    9959 |    4044 |  28.9 |      19 |       3 |  13.6
    Snake:2 |    7978 |     904 |  10.2 |      14 |       2 |  12.5
    Snake:3 |   12949 |       0 |   0.0 |      31 |       0 |   0.0
    Snake:4 |   25312 |   39036 |  60.7 |      53 |      57 |  51.8
      Orc:1 |    5385 |    2354 |  30.4 |      42 |       7 |  14.3
      Orc:2 |    7961 |    7655 |  49.0 |      55 |      20 |  26.7
      Elf:1 |   22100 |    3937 |  15.1 |      36 |       7 |  16.3
      Elf:2 |   14398 |   21697 |  60.1 |      26 |      28 |  51.9
      Elf:3 |    3882 |   47294 |  92.4 |       6 |      29 |  82.9
   Vaults:1 |   36904 |   14317 |  28.0 |      55 |       9 |  14.1
   Vaults:2 |   18923 |   25274 |  57.2 |      25 |      40 |  61.5
   Vaults:3 |   29428 |   37092 |  55.8 |      59 |      36 |  37.9
   Vaults:4 |    6111 |   13667 |  69.1 |      12 |      20 |  62.5
   Depths:1 |   38672 |    5416 |  12.3 |      56 |      16 |  22.2
      IceCv |       0 |    2781 | 100.0 |       0 |      10 | 100.0
   Gauntlet |       0 |    2864 | 100.0 |       0 |      11 | 100.0
            +---------+---------+-------+---------+---------+-------
